| TOP OF THE 1ST |
|
Pawtucket Red Sox batting - Pitching for Tacoma Rainiers : RHP Jake Underhill
|
|
Pitching: RHP Jake Underhill
|
|
|
Batting: LHB Tim Fuller
|
0-0: Called Strike 0-1: Swinging Strike 0-2: Strikes out swinging
|
|
Batting: RHB Brandon Perris
|
0-0: Foul Ball, location: 2F 0-1: Fly out, F3 (Popup, 3SF, EV 81.9 MPH)
|
|
Batting: LHB Mike Mentzer
|
0-0: Ball 1-0: Ball 2-0: Called Strike 2-1: Ball 3-1: Ground out 4-3 (Groundball, 34, EV 80.6 MPH)
|
| Top of the 1st over - 0 runs, 0 hits, 0 errors, 0 left on base; Pawtucket 0 - Tacoma 0 |
| BOTTOM OF THE 1ST |
|
Tacoma Rainiers batting - Pitching for Pawtucket Red Sox : RHP J.J. Dean
|
|
Pitching: RHP J.J. Dean
|
|
|
Batting: LHB Caleb Domino
|
0-0: Called Strike 0-1: Ball 1-1: Called Strike 1-2: Strikes out swinging, 2-3 out at first.
|
|
Batting: RHB Tony Vargas
|
0-0: Ball 1-0: Ball 2-0: Foul Ball, location: 2F 2-1: Foul Ball, location: 2F 2-2: Strikes out swinging
|
|
Batting: RHB Harutomi Matsubara
|
0-0: Ball 1-0: Ball 2-0: Fly out, F7 (Line Drive, 78M, EV 90.0 MPH)
|
| Bottom of the 1st over - 0 runs, 0 hits, 0 errors, 0 left on base; Pawtucket 0 - Tacoma 0 |
| TOP OF THE 2ND |
|
Pawtucket Red Sox batting - Pitching for Tacoma Rainiers : RHP Jake Underhill
|
|
Batting: LHB Jarrett Mordecai
|
0-0: Foul Ball, location: 2F 0-1: Called Strike 0-2: Strikes out looking
|
|
Batting: LHB John Bailey
|
0-0: Ball 1-0: Fly out, F7 (Flyball, 78M, EV 89.4 MPH)
|
|
Batting: RHB Eric Garrett
|
0-0: Ball 1-0: Swinging Strike 1-1: Ball 2-1: Ball 3-1: Fly out, F9 (Flyball, 89M, EV 88.1 MPH)
|
| Top of the 2nd over - 0 runs, 0 hits, 0 errors, 0 left on base; Pawtucket 0 - Tacoma 0 |
| BOTTOM OF THE 2ND |
|
Tacoma Rainiers batting - Pitching for Pawtucket Red Sox : RHP J.J. Dean
|
|
Batting: LHB Ryan Lowe
|
0-0: Ball 1-0: Ball 2-0: Ground out 4-3 (Groundball, 4, EV 85.0 MPH)
|
|
Batting: LHB Tom Reynolds
|
0-0: Ground out 4-3 (Groundball, 4, EV 85.6 MPH)
|
|
Batting: RHB Brad Robidas
|
0-0: Called Strike 0-1: Called Strike 0-2: Ball 1-2: SINGLE (Line Drive, 89M, EV 99.4 MPH)
|
|
Batting: RHB Rick Ellis
|
0-0: Swinging Strike 0-1: Ball 1-1: Ground out 1-3 (Groundball, 13S, EV 75.6 MPH)
|
| Bottom of the 2nd over - 0 runs, 1 hit, 0 errors, 1 left on base; Pawtucket 0 - Tacoma 0 |
| TOP OF THE 3RD |
|
Pawtucket Red Sox batting - Pitching for Tacoma Rainiers : RHP Jake Underhill
|
|
Batting: RHB Ernie Genier
|
0-0: Reached on error, E5 (Groundball, 56S, EV 67.5 MPH)
|
|
Batting: RHB Dan Friess
|
0-0: Called Strike 0-1: Ball 1-1: Foul Ball, location: 2F 1-2: Strikes out swinging
|
|
Batting: LHB Mike Jones
|
0-0: Ball 1-0: Fly out, F5 (Popup, 5SF, EV 90.6 MPH)
|
|
Batting: LHB Tim Fuller
|
0-0: Ball 1-0: Ball 2-0: Ball 3-0: Called Strike 3-1: Base on Balls
|
|
Batting: RHB Brandon Perris
|
0-0: Foul Ball, location: 2F 0-1: Called Strike 0-2: Ball 1-2: Ball 2-2: Foul Ball, location: 2F 2-2: Ball 3-2: Base on Balls Ernie Genier to third Tim Fuller to second
|
|
Batting: LHB Mike Mentzer
|
0-0: Foul Ball, location: 2F 0-1: Called Strike 0-2: Foul Ball, location: 2F 0-2: Ball 1-2: Strikes out swinging
|
| Top of the 3rd over - 0 runs, 0 hits, 1 error, 3 left on base; Pawtucket 0 - Tacoma 0 |
| BOTTOM OF THE 3RD |
|
Tacoma Rainiers batting - Pitching for Pawtucket Red Sox : RHP J.J. Dean
|
|
Batting: RHB Sean Peake
|
0-0: Swinging Strike 0-1: Ball 1-1: Ball 2-1: Foul Ball, location: 2F 2-2: Foul Ball, location: 2F 2-2: Ground out 5-3 (Groundball, 56, EV 84.4 MPH)
|
|
Batting: RHB Kikuo Sato
|
0-0: Ball 1-0: Ground out 1-3 (Groundball, 15S, EV 62.5 MPH)
|
|
Batting: LHB Caleb Domino
|
0-0: Swinging Strike 0-1: Called Strike 0-2: Foul Ball, location: 2F 0-2: Strikes out looking
|
| Bottom of the 3rd over - 0 runs, 0 hits, 0 errors, 0 left on base; Pawtucket 0 - Tacoma 0 |
| TOP OF THE 4TH |
|
Pawtucket Red Sox batting - Pitching for Tacoma Rainiers : RHP Jake Underhill
|
|
Batting: LHB Jarrett Mordecai
|
0-0: Ball 1-0: Called Strike 1-1: Foul Ball, location: 2F 1-2: Strikes out swinging
|
|
Batting: LHB John Bailey
|
0-0: Ball 1-0: Called Strike 1-1: Foul Ball, location: 2F 1-2: Ball 2-2: Foul Ball, location: 2F 2-2: Foul Ball, location: 2F 2-2: Fly out, F6 (Popup, 6S, EV 65.6 MPH)
|
|
Batting: RHB Eric Garrett
|
0-0: Called Strike 0-1: Foul Ball, location: 2F 0-2: Strikes out swinging
|
| Top of the 4th over - 0 runs, 0 hits, 0 errors, 0 left on base; Pawtucket 0 - Tacoma 0 |
| BOTTOM OF THE 4TH |
|
Tacoma Rainiers batting - Pitching for Pawtucket Red Sox : RHP J.J. Dean
|
|
Batting: RHB Tony Vargas
|
0-0: Swinging Strike 0-1: Foul Ball, location: 2F 0-2: Ball 1-2: Ball 2-2: Ball 3-2: Strikes out looking
|
|
Batting: RHB Harutomi Matsubara
|
0-0: Fly out, F8 (Flyball, 8RM, EV 83.8 MPH)
|
|
Batting: LHB Ryan Lowe
|
0-0: Called Strike 0-1: Ball 1-1: Ground out U3 (Groundball, 34, EV 111.2 MPH)
|
| Bottom of the 4th over - 0 runs, 0 hits, 0 errors, 0 left on base; Pawtucket 0 - Tacoma 0 |
| TOP OF THE 5TH |
|
Pawtucket Red Sox batting - Pitching for Tacoma Rainiers : RHP Jake Underhill
|
|
Batting: RHB Ernie Genier
|
0-0: Ball 1-0: Ground out 6-3 (Groundball, 6, EV 83.8 MPH)
|
|
Batting: RHB Dan Friess
|
0-0: SINGLE (Line Drive, 6D, EV 105.6 MPH)
|
|
Batting: LHB Mike Jones
|
0-0: Called Strike 0-1: SINGLE (Line Drive, 7S, EV 95.0 MPH) Dan Friess to second
|
|
Batting: LHB Tim Fuller
|
0-0: Ball 1-0: Foul Ball, location: 2F 1-1: Swinging Strike 1-2: Strikes out swinging
|
|
Batting: RHB Brandon Perris
|
0-0: SINGLE (Line Drive, 4M, EV 95.6 MPH) Dan Friess to third Mike Jones to second
|
|
Batting: LHB Mike Mentzer
|
0-0: Ball 1-0: Called Strike 1-1: Foul Ball, location: 2F 1-2: SINGLE (Groundball, 34S, EV 69.4 MPH) (infield hit) Dan Friess scores Mike Jones to third Brandon Perris to second
|
|
Batting: LHB Jarrett Mordecai
|
0-0: Foul Ball, location: 2F 0-1: Ball 1-1: Swinging Strike 1-2: Ball 2-2: Ball 3-2: Foul Ball, location: 2F 3-2: Ground out 4-3 (Groundball, 34, EV 106.2 MPH)
|
| Top of the 5th over - 1 run, 4 hits, 0 errors, 3 left on base; Pawtucket 1 - Tacoma 0 |
| BOTTOM OF THE 5TH |
|
Tacoma Rainiers batting - Pitching for Pawtucket Red Sox : RHP J.J. Dean
|
|
Batting: LHB Tom Reynolds
|
0-0: Ball 1-0: Swinging Strike 1-1: Ball 2-1: Fly out, F6 (Line Drive, 6M, EV 77.5 MPH)
|
|
Batting: RHB Brad Robidas
|
0-0: Ball 1-0: Swinging Strike 1-1: Ground out 5-3 (Groundball, 56S, EV 90.0 MPH)
|
|
Batting: RHB Rick Ellis
|
0-0: Swinging Strike 0-1: Foul Ball, location: 2F 0-2: Ball 1-2: Ball 2-2: Strikes out swinging
|
| Bottom of the 5th over - 0 runs, 0 hits, 0 errors, 0 left on base; Pawtucket 1 - Tacoma 0 |
| TOP OF THE 6TH |
|
Pawtucket Red Sox batting - Pitching for Tacoma Rainiers : RHP Jake Underhill
|
|
Batting: LHB John Bailey
|
0-0: Called Strike 0-1: Ground out 4-3 (Groundball, 4, EV 103.8 MPH)
|
|
Batting: RHB Eric Garrett
|
0-0: Called Strike 0-1: SINGLE (Groundball, 56, EV 100.0 MPH) (infield hit)
|
|
Batting: RHB Ernie Genier
|
0-0: Ball 1-0: Ball Passed Ball! Eric Garrett to second 2-0: Ball 3-0: Base on Balls
|
|
Batting: RHB Dan Friess
|
0-0: Foul Ball, location: 2F 0-1: Called Strike 0-2: Strikes out swinging
|
|
Batting: LHB Mike Jones
|
0-0: Fielders Choice at 2nd, 6-4 (Groundball, 6MD, EV 81.9 MPH)
|
| Top of the 6th over - 0 runs, 1 hit, 0 errors, 2 left on base; Pawtucket 1 - Tacoma 0 |
| BOTTOM OF THE 6TH |
|
Tacoma Rainiers batting - Pitching for Pawtucket Red Sox : RHP J.J. Dean
|
|
Batting: RHB Sean Peake
|
0-0: Called Strike 0-1: Ground out 5-3 (Groundball, 56S, EV 66.2 MPH)
|
|
Batting: RHB Kikuo Sato
|
0-0: Ball 1-0: Ground out 6-3 (Groundball, 6, EV 100.6 MPH)
|
|
Batting: LHB Caleb Domino
|
0-0: Ball 1-0: Ball 2-0: Called Strike 2-1: Called Strike 2-2: Foul Ball, location: 2F 2-2: Foul Ball, location: 2F 2-2: Foul Ball, location: 2F 2-2: Ball 3-2: Foul Ball, location: 2F 3-2: Foul Ball, location: 2F 3-2: Foul Ball, location: 2F 3-2: Base on Balls
|
|
Batting: RHB Tony Vargas
|
0-0: Called Strike 0-1: Ball 1-1: Foul Ball, location: 2F 1-2: Fielders Choice at 2nd, 6-4 (Groundball, 6, EV 86.2 MPH)
|
| Bottom of the 6th over - 0 runs, 0 hits, 0 errors, 1 left on base; Pawtucket 1 - Tacoma 0 |
| TOP OF THE 7TH |
|
Pawtucket Red Sox batting - Pitching for Tacoma Rainiers : RHP Jake Underhill
|
|
Batting: LHB Tim Fuller
|
0-0: Called Strike 0-1: Swinging Strike 0-2: Strikes out looking
|
|
Batting: RHB Brandon Perris
|
0-0: Ball 1-0: Called Strike 1-1: Ball 2-1: Ball 3-1: Foul Ball, location: 2F 3-2: Foul Ball, location: 2F 3-2: Base on Balls
|
|
Pitching: RHP Kurt Loscalzo
|
|
|
Batting: LHB Mike Mentzer
|
0-0: Called Strike 0-1: Ball 1-1: Ball 2-1: Fly out, F7 (Line Drive, 7S, EV 95.0 MPH)
|
|
Batting: LHB Jarrett Mordecai
|
0-0: Called Strike 0-1: Ball 1-1: Fielders Choice at 2nd, 5-6 (Groundball, 56, EV 93.8 MPH)
|
| Top of the 7th over - 0 runs, 0 hits, 0 errors, 1 left on base; Pawtucket 1 - Tacoma 0 |
| BOTTOM OF THE 7TH |
|
Tacoma Rainiers batting - Pitching for Pawtucket Red Sox : RHP J.J. Dean
|
|
Batting: RHB Harutomi Matsubara
|
0-0: Ball 1-0: Ball 2-0: SINGLE (Groundball, 6MD, EV 99.4 MPH)
|
|
Batting: LHB Ryan Lowe
|
0-0: Called Strike 0-1: Foul Ball, location: 2F 0-2: SINGLE (Flyball, 6D, EV 95.0 MPH) Harutomi Matsubara to second
|
|
Batting: LHB Tom Reynolds
|
0-0: Fielders Choice at 2nd, 2-4 (Groundball, 15S, EV 73.1 MPH) Harutomi Matsubara to third
|
|
Batting: RHB Brad Robidas
|
0-0: Ball 1-0: Ball 2-0: Ball 3-0: Reached on error, E1 (Groundball, 34S, EV 70.6 MPH) Harutomi Matsubara scores Tom Reynolds to second
|
|
Batting: RHB Rick Ellis
|
0-0: Called Strike 0-1: Ball 1-1: Swinging Strike 1-2: Strikes out looking
|
|
Batting: RHB Sean Peake
|
0-0: Ground out 5-3 (Groundball, 56S, EV 88.1 MPH)
|
| Bottom of the 7th over - 1 run, 2 hits, 1 error, 2 left on base; Pawtucket 1 - Tacoma 1 |
| TOP OF THE 8TH |
|
Pawtucket Red Sox batting - Pitching for Tacoma Rainiers : RHP Kurt Loscalzo
|
|
Batting: LHB John Bailey
|
0-0: Called Strike 0-1: Called Strike 0-2: Ball 1-2: Foul Ball, location: 2F 1-2: Foul Ball, location: 2F 1-2: Strikes out looking
|
|
Batting: RHB Eric Garrett
|
0-0: Called Strike 0-1: Foul Ball, location: 2F 0-2: Ball 1-2: Strikes out swinging
|
|
Batting: RHB Ernie Genier
|
0-0: Called Strike 0-1: Called Strike 0-2: Ball 1-2: Strikes out swinging
|
| Top of the 8th over - 0 runs, 0 hits, 0 errors, 0 left on base; Pawtucket 1 - Tacoma 1 |
| BOTTOM OF THE 8TH |
|
Tacoma Rainiers batting - Pitching for Pawtucket Red Sox : RHP J.J. Dean
|
|
Batting: RHB Kikuo Sato
|
0-0: Called Strike 0-1: Foul Ball, location: 2F 0-2: Foul Ball, location: 2F 0-2: Ball 1-2: Ball 2-2: Foul Ball, location: 2F 2-2: Ball 3-2: Ground out 1-3 (Groundball, 13S, EV 65.0 MPH)
|
|
Pitching: LHP Ken Intagliata
|
|
|
Pinch Hitting: RHB Bill Vives
|
0-0: Swinging Strike 0-1: Fly out, F7 (Flyball, 78D, EV 106.2 MPH)
|
|
Pitching: RHP Billy Fitzgerald
|
|
|
Batting: RHB Tony Vargas
|
0-0: Called Strike 0-1: Foul Ball, location: 2F 0-2: Ball 1-2: Foul Ball, location: 2F 1-2: Ball 2-2: Foul Ball, location: 2F 2-2: Foul Ball, location: 2F 2-2: DOUBLE (Line Drive, 89D, EV 106.9 MPH)
|
|
Batting: RHB Harutomi Matsubara
|
0-0: Ball 1-0: Called Strike 1-1: Ball 2-1: Foul Ball, location: 2F 2-2: Strikes out swinging
|
| Bottom of the 8th over - 0 runs, 1 hit, 0 errors, 1 left on base; Pawtucket 1 - Tacoma 1 |
| TOP OF THE 9TH |
|
Pawtucket Red Sox batting - Pitching for Tacoma Rainiers : RHP Kurt Loscalzo
|
|
Now in RF: David Aguilar
|
|
|
Batting: RHB Dan Friess
|
0-0: SINGLE (Groundball, 4MD, EV 101.9 MPH)
|
|
Batting: LHB Mike Jones
|
0-0: Ball 1-0: Ball 2-0: Called Strike 2-1: Ball 3-1: SINGLE (Line Drive, 4D, EV 105.0 MPH) Dan Friess to second
|
|
Batting: LHB Tim Fuller
|
0-0: Called Strike 0-1: Bunt missed! 0-2: Strikes out swinging
|
|
Batting: RHB Brandon Perris
|
0-0: Called Strike 0-1: Ball 1-1: SINGLE (Groundball, 56D, EV 104.4 MPH) Dan Friess to third Mike Jones to second Runner from 3rd tries for Home, SAFE, throw by LF to home
|
|
Batting: LHB Mike Mentzer
|
0-0: Ball 1-0: Foul Ball, location: 2F 1-1: Called Strike 1-2: Ball 2-2: Grounds into double play, 4-6-3 (Groundball, 4, EV 82.5 MPH)
|
| Top of the 9th over - 1 run, 3 hits, 0 errors, 1 left on base; Pawtucket 2 - Tacoma 1 |
| BOTTOM OF THE 9TH |
|
Tacoma Rainiers batting - Pitching for Pawtucket Red Sox : RHP Billy Fitzgerald
|
|
Pitching: RHP Jaime Dunning
|
|
|
Batting: LHB Ryan Lowe
|
0-0: Ball 1-0: Ground out 4-3 (Groundball, 4, EV 80.0 MPH)
|
|
Batting: LHB Tom Reynolds
|
0-0: Called Strike 0-1: Ball 1-1: Ground out 5-3 (Groundball, 5, EV 86.9 MPH)
|
|
Batting: RHB Brad Robidas
|
0-0: Called Strike 0-1: Foul Ball, location: 2F 0-2: SINGLE (Line Drive, 6MD, EV 105.0 MPH)
|
|
Batting: RHB Rick Ellis
|
0-0: Called Strike 0-1: Ball 1-1: SINGLE (Groundball, 56D, EV 94.4 MPH) Brad Robidas to second Runner from 2nd tries for 3rd, SAFE, throw by LF made at trailing runner, OUT! 7-4
|
| Bottom of the 9th over - 0 runs, 2 hits, 0 errors, 1 left on base; Pawtucket 2 - Tacoma 1 |
|